 Seeded DCSS version 0.29.1-13-g9f3cf754e1 (webtiles) character file.

Game seed: 18334199546629406935 (custom seed)

60 mathmaestro the Grave Robber (level 3, -2/26 HPs)
             Began as a Demonspawn Necromancer on Jan 25, 2023.
             Slain by a gnoll
             ... wielding a +4 flail of protection
              (3 damage)
             ... on level 2 of the Dungeon.
             The game lasted 00:04:20 (1815 turns).

mathmaestro the Grave Robber (DsNe)                 Turns: 1815, Time: 00:04:21

Health: -2/26      AC:  4    Str: 14    XL:     3   Next: 82%
Magic:  2/6        EV: 12    Int: 18    God:
Gold:   49         SH:  0    Dex: 13    Spells: 5/6 levels left

rFire   . . .      SeeInvis .   j - +4 whip
rCold   . . .      Faith    .   (no shield)
rNeg    . . .      Spirit   .   a - +0 robe
rPois   .          Reflect  .   (no helmet)
rElec   .          Harm     .   (no cloak)
rCorr   .          Rampage  .   l - +0 pair of gloves
Will    .....                   (no boots)
Stlth   ++........              (no amulet)
HPRegen 0.08/turn               g - +6 ring of strength
MPRegen 0.10/turn               (no ring)

@: no status effects
A: rugged brown scales 1
a: no special abilities


You were on level 2 of the Dungeon.
You visited 1 branch of the dungeon, and saw 2 of its levels.

You collected 49 gold pieces.

Inventory:

Hand Weapons
 j - a +4 whip (weapon)
Armour
 a - a +0 robe (worn)
 l - a +0 pair of gloves (worn)
Jewellery
 g - a +6 ring of strength (left hand)
Scrolls
 e - 2 scrolls of identify {unknown}
 f - a scroll of immolation {unknown}
 k - 3 scrolls of teleportation {unknown}
 m - a scroll of blinking {unknown}
 n - a scroll of fog {unknown}
Potions
 b - a potion of magic
 c - a potion of curing {unknown}
 d - a potion of attraction {unknown}
 h - 2 potions of haste {unknown}
 i - 2 potions of might {unknown}


   Skills:
 + Level 1.3 Fighting
 + Level 2.3 Dodging
 + Level 2.4 Stealth
 + Level 2.4 Spellcasting
 + Level 4.7 Necromancy


You had 5 spell levels left.
You knew the following spells:

 Your Spells              Type           Power      Damage    Failure   Level
a - Necrotise             Necr           76%        1d7       2%          1

Your spell library contained the following spells:

 Spells                   Type           Power      Damage    Failure   Level
 Vampiric Draining        Necr           19%        2d7       8%          3
 Slow                     Hex            8%         N/A       17%         1
 Animate Dead             Necr           19%        N/A       24%         4
 Confusing Touch          Hex            2%         N/A       45%         3
 Agony                    Necr           19%        N/A       56%         5


Dungeon Overview and Level Annotations

Branches:
Dungeon (2/15)

Altars:


Innate Abilities, Weirdness & Mutations

You are partially covered in rugged brown scales. (AC +1, +3% HP)


Message History

Press: ? - help, Shift-Dir - straight line, f/p - gnoll
Aim: a gnoll, wielding a +0 flail (moderately wounded, chance to affect: 84%)
The gnoll writhes in agony.
Unknown command.
Casting: Necrotise (safe; 2% risk of failure)
Confirm with . or Enter, or press ? or * to list all spells.
Aiming: Necrotise (safe; 2% risk of failure)
Press: ? - help, Shift-Dir - straight line, f/p - gnoll
Aim: a gnoll, wielding a +0 flail (almost dead, chance to affect: 84%)
The gnoll writhes in agony.
You kill the gnoll!
The dead are walking!
A gnoll comes into view.
It is wielding a +4 flail of protection.
Casting: Necrotise (safe; 2% risk of failure)
Confirm with . or Enter, or press ? or * to list all spells.
Aiming: Necrotise (safe; 2% risk of failure)
Press: ? - help, Shift-Dir - straight line, f - gnoll
Aim: a gnoll, wielding a +4 flail of protection (chance to affect: 84%)
The gnoll writhes in agony.
The gnoll hits you with a +4 flail of protection!
Unknown command.
The gnoll attacks as you move away!
The gnoll hits you with a +4 flail of protection!
* * * LOW HITPOINT WARNING * * *
The gnoll attacks as you move away! The gnoll barely misses you.
Your gnoll skeleton crumbles into dust!
Casting: Necrotise (safe; 2% risk of failure)
Confirm with . or Enter, or press ? or * to list all spells.
Okay, then.
The gnoll attacks as you move away!
The gnoll hits you with a +4 flail of protection.
* * * LOW HITPOINT WARNING * * *
Casting: Necrotise (safe; 2% risk of failure)
Confirm with . or Enter, or press ? or * to list all spells.
Aiming: Necrotise (safe; 2% risk of failure)
Press: ? - help, Shift-Dir - straight line, f/p - gnoll
Aim: a gnoll, wielding a +4 flail of protection (chance to affect: 84%)
The gnoll writhes in agony.
The gnoll hits you with a +4 flail of protection.
You die...

##..# #..# #..#
#..# #..# #..#
#..# #g.# #@.#
#..# #.## ##.#
#..# ##.## ##..#
###..##
###########...##


You could see a gnoll.

Vanquished Creatures
  3 gnolls (D:2)
  4 endoplasms
  A giant cockroach (D:1)
  3 hobgoblins
  2 quokkas
  5 ball pythons
  4 bats
  4 kobolds
  7 rats
33 creatures vanquished.

Notes
Turn   | Place    | Note
-------+----------+-------------------------------------------
     0 | D:1      | mathmaestro the Demonspawn Necromancer began the quest for
                  | the Orb.
     0 | D:1      | Reached XP level 1. HP: 13/13 MP: 3/3
   627 | D:1      | Gained mutation: You are partially covered in rugged brown
                  | scales. (AC +1, +3% HP) [demonic ancestry]
   627 | D:1      | Reached XP level 2. HP: 14/20 MP: 3/5
  1470 | D:2      | Reached skill level 1 in Fighting
  1470 | D:2      | Reached XP level 3. HP: 26/26 MP: 3/6
  1814 | D:2      | HP: 1/26 [gnoll/+4 flail of protection (4)]
  1815 | D:2      | Slain by a gnoll

Illustrated notes

Levels and vault maps discovered:
D:1:      shiori_shiawase, layout_loops_ring, st_stairs_7
D:2:      layout_basic, minmay_large_rounded_square

Skill      XL: |  1  2 |
---------------+-------+-----
Stealth        | 2 |  2.4
Dodging        | 2 |  2.3
Fighting       | 1 |  1.3
Spellcasting   | |  2.4
Necromancy     | |  4.7

Action                   || total
-------------------------++-------
Melee: Whip              ||    18
 Cast: Necrotise         ||    60
Armor: Robe              ||     5
Dodge: Dodged            ||    19
